[ AOE2 MATCH · #472558197 ]
UnrankedSpanish vs Poles
[ REPLAY ANALYSIS · EXTRACTED FROM THE RECORDED GAME ]
Feudal
—
Castle
—
Imperial
—
| APM avg | 25.5 |
| APM peak | 35 |
| eAPM avg | 10.0 |
| Villagers / military | 5 / 0 |
Focus
⚔️ 0.0% · 🌾 100.0%
Feudal
—
Castle
—
Imperial
—
| APM avg | 17.3 |
| APM peak | 28 |
| eAPM avg | 9.5 |
| Villagers / military | 6 / 0 |
Focus
⚔️ 15.4% · 🌾 84.6%
Feudal
—
Castle
—
Imperial
—
| APM avg | 11.7 |
| APM peak | 22 |
| eAPM avg | 8.7 |
| Villagers / military | 6 / 0 |
Focus
⚔️ 0.0% · 🌾 100.0%
Feudal
—
Castle
—
Imperial
—
| APM avg | 26.0 |
| APM peak | 41 |
| eAPM avg | 6.9 |
| Villagers / military | 5 / 0 |
Focus
⚔️ 8.3% · 🌾 91.7%
Feudal
—
Castle
—
Imperial
—
| APM avg | 35.1 |
| APM peak | 40 |
| eAPM avg | 23.4 |
| Villagers / military | 7 / 0 |
Focus
⚔️ 8.7% · 🌾 91.3%
Feudal
—
Castle
—
Imperial
—
| APM avg | 1.3 |
| APM peak | 2 |
| eAPM avg | 1.3 |
| Villagers / military | 0 / 0 |
Feudal
—
Castle
—
Imperial
—
| APM avg | 27.7 |
| APM peak | 42 |
| eAPM avg | 9.5 |
| Villagers / military | 5 / 0 |
Focus
⚔️ 0.0% · 🌾 100.0%
Feudal
—
Castle
—
Imperial
—
| APM avg | 30.7 |
| APM peak | 39 |
| eAPM avg | 16.0 |
| Villagers / military | 5 / 0 |
Focus
⚔️ 7.7% · 🌾 92.3%
Match map
Initial resources + every placement click. Lines = walls · curves = elevation contours. ◆ gold · ⬟ stone · ● berries · ✦ relic · ◌ wall gap
Your base
fresh_flies's base
BIZONADE's base
wofu's base
Lord_Maxxus's base
t45zeus's base
RANDOM's base
Ice Crystal Cold Star's base
Smoothed initial terrain · ◌ = detected wall gap · hover for details
Inputs per minute
— CL.CKrugger - - fresh_flies
Build order — CL.CKrugger
8 actions detected in the replay
| 0:04 | Research | Loom |
| 0:04 | Create | Villager (Male) |
| 0:04 | Create | Villager (Male) |
| 0:05 | Create | Villager (Male) |
| 0:05 | Create | Villager (Male) |
| 0:09 | Build | House |
| 0:11 | Build | House |
| 1:51 | Create | Villager (Male) |
Build order — fresh_flies
11 actions detected in the replay
| 0:01 | Create | Villager (Male) |
| 0:01 | Create | Villager (Male) |
| 0:03 | Build | House |
| 0:05 | Build | House |
| 0:21 | Research | Loom |
| 0:22 | Create | Villager (Male) |
| 0:22 | Create | Villager (Male) |
| 0:22 | Create | Villager (Male) |
| 1:19 | Build | Palisade Wall |
| 1:31 | Build | Palisade Wall |
| 2:15 | Create | Villager (Male) |
Build order — BIZONADE
10 actions detected in the replay
| 0:07 | Build | House |
| 0:08 | Create | Villager (Male) |
| 0:09 | Create | Villager (Male) |
| 0:09 | Create | Villager (Male) |
| 0:09 | Create | Villager (Male) |
| 0:38 | Research | Loom |
| 0:53 | Build | House |
| 0:55 | Build | House |
| 2:12 | Create | Villager (Male) |
| 2:12 | Create | Villager (Male) |
Build order — wofu
9 actions detected in the replay
| 0:03 | Research | Loom |
| 0:03 | Create | Villager (Male) |
| 0:07 | Build | House |
| 0:08 | Build | House |
| 0:37 | Create | Villager (Male) |
| 0:37 | Create | Villager (Male) |
| 1:01 | Build | Palisade Wall |
| 1:12 | Create | Villager (Male) |
| 1:12 | Create | Villager (Male) |
Build order — Lord_Maxxus
9 actions detected in the replay
| 0:03 | Build | House |
| 0:04 | Build | House |
| 0:05 | Create | Villager (Male) ×4 |
| 0:44 | Build | House |
| 0:49 | Research | Loom |
| 0:50 | Create | Villager (Male) |
| 0:50 | Create | Villager (Male) |
| 0:50 | Create | Villager (Male) |
| 0:56 | Build | House |
Build order — t45zeus
0 actions detected in the replay
Build order — RANDOM
5 actions detected in the replay
| 0:06 | Build | House |
| 0:08 | Build | House |
| 0:08 | Research | Loom |
| 0:09 | Create | Villager (Male) ×4 |
| 1:41 | Create | Villager (Male) |
Build order — Ice Crystal Cold Star
8 actions detected in the replay
| 0:03 | Research | Loom |
| 0:03 | Create | Villager (Male) |
| 0:03 | Create | Villager (Male) |
| 0:04 | Create | Villager (Male) |
| 0:04 | Create | Villager (Male) |
| 0:04 | Create | Villager (Male) |
| 0:16 | Build | House |
| 0:46 | Build | Palisade Wall |
Match timeline
| 0:46 | Ice Crystal Cold Star · wall_segment Palisade Wall x9 |
| 1:01 | wofu · wall_segment Palisade Wall x10 |
| 1:19 | fresh_flies · wall_segment Palisade Wall x10 |
| 1:31 | fresh_flies · wall_segment Palisade Wall x13 |
| 1:51 | wofu · resign |
[ AI ANALYSIS · 1 CREDIT ]
What really happened in this match?
Wolo.gg analyzes every decision: build order, eco, micro, common mistakes by bracket. Personalized analysis on WhatsApp or Discord in 30 seconds.
Civ guide
Spanish
Perfil
Jugador #20451028